 Dungeon Crawl Stone Soup version 0.21.1-1-g345015f (webtiles) character file.

136 sankara the Slasher (level 5, -5/35 HPs)
             Began as a Halfling Fighter on Feb 16, 2018.
             Splashed by a jelly's acid (11 damage)
             ... on level 2 of the Dungeon.
             The game lasted 00:06:11 (2454 turns).

sankara the Slasher (Halfling Fighter)              Turns: 2454, Time: 00:06:12

Health: -5/35      AC:  0    Str: 17    XL:     5   Next: 43%
Magic:  5/5        EV:  8    Int:  6    God:
Gold:   75         SH:  9    Dex: 15    Spells: 4/4 levels left

rFire    . . .     SeeInvis .   a - +0 long sword
rCold    . . .     Gourm    .   c - +0 shield
rNeg     . . .     Faith    .   h - +0 scale mail
rPois    .         Spirit   .   (no helmet)
rElec    .         Reflect  .   (no cloak)
rCorr    .         Harm     .   (no gloves)
MR       .....                  g - +0 pair of boots
Stlth    ..........             (no amulet)
HPRegen  0.11/turn              (no ring)
MPRegen  0.09/turn              (no ring)

@: corroded
A: small, mutation resistance 1
a: no special abilities


You were on level 2 of the Dungeon.
You were not hungry.

You visited 1 branch of the dungeon, and saw 2 of its levels.

You collected 75 gold pieces.

Inventory:

Hand Weapons
 a - a +0 long sword (weapon)
 b - a +2 dagger of venom
Missiles
 m - 6 stones (quivered)
Armour
 c - a +0 shield (worn)
 g - a +0 pair of boots (worn)
 h - a +0 scale mail (worn)
Scrolls
 f - 3 scrolls of remove curse {unknown}
 j - a scroll of teleportation {unknown}
 k - a scroll of identify {unknown}
Potions
 d - a potion of might
 e - 2 potions of mutation
 l - a potion of brilliance {unknown}
 o - a potion of haste {unknown}
Comestibles
 n - a ration


   Skills:
 - Level 2.6 Fighting
 + Level 5.2 Long Blades
 - Level 3.2 Armour
 - Level 3.2 Shields


You had 4 spell levels left.
You didn't know any spells.

Dungeon Overview and Level Annotations

Branches:
Dungeon (2/15)

Altars:


Innate Abilities, Weirdness & Mutations

You are small and have problems with some larger weapons.
You are somewhat resistant to further mutation.


Message History

You hit the ooze.
The ooze is heavily wounded.
The ooze hits you but does no damage.
You hit the ooze.
You kill the ooze!
You hit the jelly.
Your hands burn!
The jelly is moderately wounded.
The jelly barely misses you.
You hit the jelly. The acid corrodes you!
Your hands burn!
* * * LOW HITPOINT WARNING * * *
The jelly is severely wounded.
The jelly closely misses you.
You riposte.
You hit the jelly but do no damage.
The jelly is severely wounded.
You hit the jelly. The acid corrodes you!
Your hands burn!
* * * LOW HITPOINT WARNING * * *
The jelly is almost dead.
The jelly barely misses you. The jelly hits you.
* * * LOW HITPOINT WARNING * * *
You are splashed with acid!
The acid burns!
You die...

##'''####..............
##...## #.##..#.###.###
##.....### #..#........
#.......# #..#####.##.
#.......# #... ...#
#.......# # #####
#.......# #....####
#....'.@## ########J#
##J.J.J.## #'#######
#...P....÷ #J.J..P...
#.J.÷.P÷.÷ #.P....÷P.
#.P.....÷÷


You could see a jelly.

Vanquished Creatures
  A jelly (D:2)
  2 adders (D:2)
  4 oozes (D:2)
  4 worms (D:2)
  A dart slug (D:2)
  2 leopard geckos (D:1)
  A ball python (D:1)
  4 goblins (D:1)
  11 hobgoblins
  2 jackals (D:2)
  11 kobolds
  6 bats
  6 frilled lizards
  6 rats
61 creatures vanquished.

Vanquished Creatures (others)
  2 fungi (D:2)
  9 toadstools (D:2)
11 creatures vanquished.

Grand Total: 72 creatures vanquished

Notes
Turn   | Place    | Note
-------+----------+-------------------------------------------
     0 | D:1      | sankara the Halfling Fighter began the quest for the Orb.
     0 | D:1      | Reached XP level 1. HP: 15/15 MP: 1/1
   417 | D:1      | Reached XP level 2. HP: 20/20 MP: 2/2
   472 | D:1      | Reached skill level 3 in Long Blades
   835 | D:1      | Reached XP level 3. HP: 25/25 MP: 3/3
  1348 | D:2      | Reached skill level 4 in Long Blades
  1348 | D:2      | Reached XP level 4. HP: 30/30 MP: 4/4
  2431 | D:2      | Reached XP level 5. HP: 35/35 MP: 5/5
  2440 | D:2      | Reached skill level 5 in Long Blades
  2454 | D:2      | Splashed by a jelly's acid

Skill      XL: |  1  2  3  4  5 |
---------------+----------------+-----
Long Blades    | 3 4 5 |  5.2
Fighting       | |  2.6
Armour         | |  3.2
Shields        | |  3.2

Action                   |  1- 3 |  4- 6 || total
-------------------------+-------+-------++-------
Melee: Long sword        |   108 |    94 ||   202
       Dagger            |     3 |    12 ||    15
  Use: Potion            |     1 |       ||     1
  Eat: Ration            |     1 |       ||     1
       Chunk             |       |     2 ||     2
Armor: Scale mail        |    44 |    35 ||    79
Dodge: Dodged            |    35 |    30 ||    65
Block: Shield            |    54 |    40 ||    94
       Rpst.: Long sword |     8 |     8 ||    16
